 Dungeon Crawl Stone Soup version 0.28-a0-991-g956f0ee3d5 (webtiles) character file.

Game seed: 17678952357528586754

211 Conn the Sneak (level 5, -2/31 HPs)
             Began as an Octopode Fire Elementalist on Dec 5, 2021.
             Killed by divine providence
             ... invoked by an orc priest
              (10 damage)
             ... on level 3 of the Dungeon.
             The game lasted 00:05:23 (2695 turns).

Conn the Sneak (Octopode Fire Elementalist)         Turns: 2695, Time: 00:05:24

Health: -2/31      AC:  1    Str:  7    XL:     5   Next: 88%
Magic:  10/10      EV: 13    Int: 19    God:
Gold:   139        SH:  0    Dex: 13    Spells: 9/10 levels left

rFire   . . .      SeeInvis .   g - +1 short sword (speed)
rCold   . . .      Faith    .   (no shield)
rNeg    . . .      Spirit   .   (helmet restricted)
rPois   .          Reflect  .   (no amulet)
rElec   .          Harm     .   (no ring)
rCorr   .          Rampage  .   (no ring)
Will    .....                   (no ring)
Stlth   +++.......              (no ring)
HPRegen 0.10/turn               (no ring)
MPRegen 0.12/turn               (no ring)
                                (no ring)
                                (no ring)

@: no status effects
A: almost no armour, amphibious, 8 rings, camouflage 1, gelatinous body 1,
(nimble swimmer 1), tentacles
a: no special abilities


You were on level 3 of the Dungeon.
You visited 1 branch of the dungeon, and saw 3 of its levels.

You collected 139 gold pieces.

Inventory:

Hand Weapons
 c - a +0 dagger
 g - a +1 short sword of speed (weapon)
Jewellery
 i - a ring of resist corrosion
Wands
 j - a wand of flame (13)
Scrolls
 a - a scroll of blinking {unknown}
 b - a scroll of immolation {unknown}
 d - a scroll of noise {unknown}
 f - a scroll of teleportation {unknown}
 m - a scroll of identify {unknown}
Potions
 e - 2 potions of resistance {unknown}
 h - a potion of lignification {unknown}
 k - a potion of cancellation {unknown}
 l - 2 potions of degeneration {unknown}


   Skills:
 + Level 0.2 Short Blades
 + Level 2.4 Dodging
 + Level 4.0 Stealth
 + Level 3.4 Spellcasting
 + Level 3.0 Conjurations
 + Level 3.7 Fire Magic


You had 9 spell levels left.
You knew the following spells:

 Your Spells              Type           Power      Damage    Failure   Level
a - Foxfire               Conj/Fire      64%        2x1d7     3%          1

Your spell library contained the following spells:

 Spells                   Type           Power      Damage    Failure   Level
 Scorch                   Fire           34%        2d6       4%          2
 Conjure Flame            Conj/Fire      16%        6-21      11%         3
 Inner Flame              Hex/Fire       10%        N/A       21%         3
 Flame Wave               Conj/Fire      16%        2d5       34%         4
 Ozocubu's Armour         Ice            3%         N/A       41%         3
 Metabolic Englaciation   Hex/Ice        1%         N/A       99%         5
 Simulacrum               Ice/Necr       1%         N/A       100%        6


Dungeon Overview and Level Annotations

Branches:
Dungeon (3/15)

Altars:
Ru


Innate Abilities, Weirdness & Mutations

You cannot wear most types of armour.
You are amphibious.
You can wear up to eight rings at the same time.
Your skin changes colour to match your surroundings (Stealth+).
Your rubbery body absorbs attacks. (AC +1, EV +1)
((You are camouflaged near water. (Stealth+)))
You have tentacles for arms and can constrict up to eight enemies at once.


Message History

You don't have enough magic to cast this spell.
Unknown command.
You barely miss the orc. Your grab misses the orc. You squeeze the orc.
The orc is moderately wounded.
The foxfire hits the orc.
The orc is heavily wounded.
The foxfire hits the orc!
You kill the orc!
Unknown command.
There is an open door here.
Items here: ))) [ ††.
Things that are here:
a +0 hand axe; a +0 ring mail; a +0 hand axe 2 orcs and an orc priest come into view.
An orc is wielding a +0 mace of protection.
The orc priest shouts!
An endoplasm comes into view.
The orc priest calls down the wrath of Beogh upon you.
Beogh smites you!
Ouch! That really hurt!
The orc shouts!
The orc shouts!
You hit the orc but do no damage. You grab the orc.
You constrict the orc, but do no damage.
You hit the orc but do no damage. You squeeze the orc, but do no damage.
You constrict the orc. The orc barely misses you.
You hit the orc.
The orc is moderately wounded.
You constrict the orc. The orc closely misses you.
You hit the orc but do no damage. You squeeze the orc.
You kill the orc!
You hit the orc. Your grab misses the orc.
The orc is lightly wounded.
The orc hits you with a +0 mace of protection!
* * * LOW HITPOINT WARNING * * *
Really wriggle into that dispersal trap?
You enter a dispersal trap!
The orc priest blinks!
You blink.
The orc priest mumbles some strange prayers to Beogh against you.
Beogh smites you!
You die...

#.# #.# ##.## #...#
##+##########.#.###
##...##........#...#
#.....#.###..#####.#
........# #....#...#
...[....###....#@###
.................#
........###....###
.......## #§#o###
#.....## #..o..#
##..)## #####§#
##)## #J# #.# #.#
#.# #J#


You could see an orc priest and an orc.

Vanquished Creatures
  An orc priest (D:3)
  Ijyb (D:3)
  An iguana (D:2)
  A gnoll (D:1)
  7 adders
  A worm (D:2)
  A dart slug (D:2)
  5 orcs (D:3)
  A ball python (D:1)
  5 endoplasms
  2 giant cockroaches
  6 hobgoblins
  A bat (D:2)
  5 frilled lizards
  6 goblins
  7 kobolds
  4 rats
55 creatures vanquished.

Vanquished Creatures (collateral kills)
  7 foxfires
7 creatures vanquished.

Vanquished Creatures (others)
  159 foxfires
  17 plants
176 creatures vanquished.

Grand Total: 238 creatures vanquished

Notes
Turn   | Place    | Note
-------+----------+-------------------------------------------
     0 | D:1      | Conn the Octopode Fire Elementalist began the quest for the
                  | Orb.
     0 | D:1      | Reached XP level 1. HP: 11/11 MP: 3/3
   218 | D:1      | Reached XP level 2. HP: 17/17 MP: 0/5
   384 | D:1      | Reached skill level 3 in Stealth
   493 | D:1      | Reached XP level 3. HP: 21/21 MP: 2/6
  1136 | D:2      | Reached XP level 4. HP: 27/27 MP: 0/8
  1822 | D:3      | Noticed Ijyb
  1838 | D:3      | Killed Ijyb
  1839 | D:3      | Reached XP level 5. HP: 22/31 MP: 1/9
  2018 | D:3      | Found a sacrificial altar of Ru.
  2045 | D:3      | Found a faded altar of an unknown god.
  2573 | D:3      | Reached skill level 4 in Stealth
  2695 | D:3      | Killed from afar by an orc priest

Illustrated notes

Levels and vault maps discovered:
D:1:      wander_arrival_chamber, layout_basic, serial_bayou_lagoon_b
D:2:      layout_loops_ring, serial_bayou, serial_bayou_pond_c,
          serial_bayou_pond_d, serial_bayou_lake_a, serial_bayou_crossing,
          st_stairs_11
D:3:      layout_loops_corners, nicolae_ru_awakened_eye,
          shapermc_ecumenical_altar_flowoftime, amcnicky_mini_corridor_feature,
          uniq_ijyb

Skill      XL: |  1  2  3  4  5 |
---------------+----------------+-----
Stealth        | 3 4 |  4.0
Conjurations   | 2 3 |  3.0
Spellcasting   | 3 |  3.4
Short Blades   | |  0.2
Dodging        | |  2.4
Fire Magic     | |  3.7

Action                   |  1- 3 |  4- 6 || total
-------------------------+-------+-------++-------
Melee: Unarmed           |     1 |       ||     1
       Dagger            |     7 |       ||     7
       Constrict         |     5 |     7 ||    12
       Short sword       |     3 |    41 ||    44
       Tentacles         |       |     3 ||     3
 Cast: Foxfire           |    55 |    36 ||    91
 Stab: Distracted        |     1 |       ||     1
       Sleeping          |     1 |     7 ||     8
Dodge: Dodged            |     6 |    22 ||    28

Table legend: (Time is in decaauts)
 A = Elapsed time spent in this place.
 B = Non-inter-level travel time spent in this place.
 C = Inter-level travel time spent in this place.
 D = Time resting spent in this place.
 E = Time spent auto-exploring this place.
 F = Levels seen in this place.
 G = Mean time per level.
                   A        B        C        D        E       F      G
               +--------+--------+--------+--------+--------+-----+--------+
         Total |   2681 |   2659 |     22 |      0 |   2110 |   3 |  893.7 |
       Dungeon |   2681 |   2659 |     22 |      0 |   2110 |   3 |  893.7 |
               +--------+--------+--------+--------+--------+-----+--------+

Top non-repeatable levels by time:
     D:2: 939 daAuts
     D:1: 875 daAuts
     D:3: 866 daAuts
